3L
BROOKLYN DODGERS @ ECHO PARK LAKERS
07/23/2034
 
TOP OF THE 1ST
Brooklyn Dodgers batting - Pitching for Echo Park Lakers : LHP Will Hunting
Pitching: LHP Will Hunting
Batting: SHB Félix Medina 0-0: Ball
1-0: Called Strike
1-1: Ball
2-1: Ball
3-1: Ground out 3-1 (Groundball, 34S)
Batting: RHB Cooper Lowe 0-0: Called Strike
0-1: Ball
1-1: Ball
2-1: Foul Ball, location: 2F
2-2: Strikes out looking
Batting: LHB Hugh Hill 0-0: Foul Ball, location: 2F
0-1: Called Strike
0-2: Foul Ball, location: 2F
0-2: Ball
1-2: Ball
2-2: Foul Ball, location: 2F
2-2: Foul Ball, location: 2F
2-2: Foul Ball, location: 2F
2-2: SINGLE (Line Drive, 78M)
Batting: RHB Ilkka Haapajarvi 0-0: Ball
1-0: Foul Ball, location: 2F
1-1: Ball
2-1: Foul Ball, location: 2F
2-2: Strikes out looking
Top of the 1st over - 0 runs, 1 hit, 0 errors, 1 left on base; Brooklyn 0 - Echo Park 0
BOTTOM OF THE 1ST
Echo Park Lakers batting - Pitching for Brooklyn Dodgers : RHP Peer Akerboom
Pitching: RHP Peer Akerboom
Batting: SHB Toby Sutton 0-0: Ball
1-0: Called Strike
1-1: Swinging Strike
1-2: Foul Ball, location: 2F
1-2: Strikes out looking
Batting: RHB Félix Romero 0-0: Called Strike
0-1: SINGLE (Groundball, 56D)
Batting: RHB Guillermo Coss 0-0: Called Strike
0-1: Foul Ball, location: 2F
0-2: Strikes out looking
Batting: RHB Manuel Guillama 0-0: Called Strike
0-1: Foul Ball, location: 2F
0-2: Strikes out swinging
Bottom of the 1st over - 0 runs, 1 hit, 0 errors, 1 left on base; Brooklyn 0 - Echo Park 0
TOP OF THE 2ND
Brooklyn Dodgers batting - Pitching for Echo Park Lakers : LHP Will Hunting
Batting: SHB Tony Manzanares 0-0: Ball
1-0: Ball
2-0: Called Strike
2-1: Swinging Strike
2-2: Strikes out looking
Batting: LHB Jérôme Masson 0-0: Hit by Pitch
Batting: SHB Tommy Dreamer 0-0: Ball
1-0: Foul Ball, location: 2F
1-1: Swinging Strike
1-2: Foul Ball, location: 2F
1-2: Foul Ball, location: 2F
1-2: Strikes out looking
Batting: LHB Avon Barksdale 0-0: Called Strike
0-1: Ground out 4-3 (Groundball, 34)
Top of the 2nd over - 0 runs, 0 hits, 0 errors, 1 left on base; Brooklyn 0 - Echo Park 0
BOTTOM OF THE 2ND
Echo Park Lakers batting - Pitching for Brooklyn Dodgers : RHP Peer Akerboom
Batting: LHB Rich Watkins 0-0: Foul Ball, location: 2F
0-1: Swinging Strike
0-2: Ball
1-2: Foul Ball, location: 2F
1-2: Strikes out swinging
Batting: RHB Xavier Pérez 0-0: Called Strike
0-1: Called Strike
0-2: Ball
1-2: Strikes out swinging
Batting: RHB Chris Harrell 0-0: SINGLE (Groundball, 6MD)
Batting: RHB Freddy Torres 0-0: Ground out 1-3 (Groundball, 13)
Bottom of the 2nd over - 0 runs, 1 hit, 0 errors, 1 left on base; Brooklyn 0 - Echo Park 0
TOP OF THE 3RD
Brooklyn Dodgers batting - Pitching for Echo Park Lakers : LHP Will Hunting
Batting: RHB Fontana Contaldo 0-0: Foul Ball, location: 2F
0-1: Foul Ball, location: 2F
0-2: Strikes out swinging
Batting: SHB Félix Medina 0-0: Ball
1-0: Called Strike
1-1: SINGLE (Groundball, 34D)
Batting: RHB Cooper Lowe 0-0: Ball
1-0: Ball
2-0: Called Strike
2-1: Ball
3-1: Foul Ball, location: 2F
3-2: Base on Balls
Félix Medina to second
Batting: LHB Hugh Hill 0-0: Called Strike
Félix Medina steals 3rd base
0-1: Foul Ball, location: 2F
0-2: Foul Ball, location: 2F
0-2: Ball
1-2: Ball
2-2: Ball
3-2: Foul Ball, location: 2F
3-2: Foul Ball, location: 2F
3-2: Base on Balls
Cooper Lowe to second
Batting: RHB Ilkka Haapajarvi 0-0: Ball
1-0: Ball
2-0: Foul Ball, location: 2F
2-1: Swinging Strike
2-2: Ball
3-2: Strikes out looking
Batting: SHB Tony Manzanares 0-0: Called Strike
0-1: SINGLE (Groundball, 56D)
Félix Medina scores
Cooper Lowe to third
Hugh Hill to second
Runner from 3rd tries for Home, SAFE, no throw
Batting: LHB Jérôme Masson 0-0: SINGLE (Groundball, 6D)
Hugh Hill to third
Tony Manzanares to second
Runner from 3rd tries for Home, SAFE, no throw
Batting: SHB Tommy Dreamer 0-0: Ball
1-0: Ball
2-0: Called Strike
2-1: Ball
3-1: Base on Balls
Tony Manzanares to third
Jérôme Masson to second
Batting: LHB Avon Barksdale 0-0: Ball
1-0: Foul Ball, location: 2F
1-1: Fly out, F3 (Line Drive, 3)
Top of the 3rd over - 3 runs, 3 hits, 0 errors, 3 left on base; Brooklyn 3 - Echo Park 0
BOTTOM OF THE 3RD
Echo Park Lakers batting - Pitching for Brooklyn Dodgers : RHP Peer Akerboom
Batting: SHB Rodolphe Nairn 0-0: Ball
1-0: SINGLE (Groundball, 4MD)
Batting: SHB Toby Sutton 0-0: Ball
1-0: Ball
2-0: Foul Ball, location: 2F
2-1: Called Strike
2-2: Ground out 4-3 (Groundball, 34D)
Rodolphe Nairn to second
Batting: RHB Félix Romero 0-0: Ball
Rodolphe Nairn steals 3rd base
1-0: DOUBLE (Flyball, 78XD)
Rodolphe Nairn scores
Batting: RHB Guillermo Coss 0-0: Ball
1-0: Called Strike
1-1: Swinging Strike
1-2: Strikes out swinging
Batting: RHB Manuel Guillama 0-0: Called Strike
0-1: Called Strike
0-2: Ball
1-2: Strikes out looking
Bottom of the 3rd over - 1 run, 2 hits, 0 errors, 1 left on base; Brooklyn 3 - Echo Park 1
TOP OF THE 4TH
Brooklyn Dodgers batting - Pitching for Echo Park Lakers : LHP Will Hunting
Batting: RHB Fontana Contaldo 0-0: Swinging Strike
0-1: Ball
1-1: Called Strike
1-2: Ball
2-2: Foul Ball, location: 2F
2-2: Ground out 4-3 (Groundball, 4MD)
Batting: SHB Félix Medina 0-0: Ground out 6-3 (Groundball, 6)
Batting: RHB Cooper Lowe 0-0: Fly out, F7 (Line Drive, 7LM)
Top of the 4th over - 0 runs, 0 hits, 0 errors, 0 left on base; Brooklyn 3 - Echo Park 1
BOTTOM OF THE 4TH
Echo Park Lakers batting - Pitching for Brooklyn Dodgers : RHP Peer Akerboom
Batting: LHB Rich Watkins 0-0: Ball
1-0: Called Strike
1-1: Ball
2-1: Foul Ball, location: 2F
2-2: Ball
3-2: Base on Balls
Batting: RHB Xavier Pérez 0-0: Ball
1-0: Ball
2-0: SINGLE (Flyball, 78S)
Rich Watkins to second
Runner from 2nd tries for 3rd, SAFE, no throw
Batting: RHB Chris Harrell 0-0: Fly out, F8 (Flyball, 8LM)
Runner from 3rd tags up, OUT at HOME
Xavier Pérez to second
Batting: RHB Freddy Torres 0-0: Ball
1-0: Ball
2-0: Called Strike
2-1: Called Strike
2-2: Strikes out looking
Bottom of the 4th over - 0 runs, 1 hit, 0 errors, 1 left on base; Brooklyn 3 - Echo Park 1
TOP OF THE 5TH
Brooklyn Dodgers batting - Pitching for Echo Park Lakers : LHP Will Hunting
Batting: LHB Hugh Hill 0-0: Called Strike
0-1: SINGLE (Line Drive, 6MD)
Batting: RHB Ilkka Haapajarvi 0-0: Foul Ball, location: 2F
0-1: Ball
1-1: Ball
2-1: Ball
3-1: Called Strike
3-2: TRIPLE (Flyball, 78XD)
Hugh Hill scores
Batting: SHB Tony Manzanares 0-0: Called Strike
0-1: Called Strike
0-2: Ball
1-2: Reached on error, E6 (Groundball, 6)
Ilkka Haapajarvi scores
Batting: LHB Jérôme Masson 0-0: Ball
1-0: Sac Bunt - play at first, batter OUT! 1-4
Tony Manzanares to third
Batting: SHB Tommy Dreamer 0-0: Called Strike
0-1: Fly out, F8 (Line Drive, 89M)
Runner from 3rd tags up, OUT at HOME
Top of the 5th over - 2 runs, 2 hits, 1 error, 0 left on base; Brooklyn 5 - Echo Park 1
BOTTOM OF THE 5TH
Echo Park Lakers batting - Pitching for Brooklyn Dodgers : RHP Peer Akerboom
Batting: SHB Rodolphe Nairn 0-0: Ball
1-0: Called Strike
1-1: Called Strike
1-2: Ball
2-2: Foul Ball, location: 2F
2-2: Ball
3-2: Strikes out swinging
Batting: SHB Toby Sutton 0-0: Ball
1-0: Ball
2-0: Ball
3-0: Base on Balls
Batting: RHB Félix Romero 0-0: Grounds into double play, 6-4-3 (Groundball, 6)
Bottom of the 5th over - 0 runs, 0 hits, 0 errors, 0 left on base; Brooklyn 5 - Echo Park 1
TOP OF THE 6TH
Brooklyn Dodgers batting - Pitching for Echo Park Lakers : LHP Will Hunting
Pitching: RHP Curt Orser
Batting: LHB Avon Barksdale 0-0: Ball
1-0: Foul Ball, location: 2F
1-1: Ball
2-1: Ball
3-1: Called Strike
3-2: Foul Ball, location: 2F
3-2: Fly out, F8 (Line Drive, 8RD)
Batting: RHB Fontana Contaldo 0-0: Foul Ball, location: 2F
0-1: Ball
1-1: Called Strike
1-2: Foul Ball, location: 2F
1-2: Foul Ball, location: 2F
1-2: Foul Ball, location: 2F
1-2: SINGLE (Flyball, 7LM)
Batting: SHB Félix Medina 0-0: Called Strike
0-1: Foul Ball, location: 2F
0-2: Ball
1-2: Grounds into double play, 4-6-3 (Groundball, 4)
Top of the 6th over - 0 runs, 1 hit, 0 errors, 0 left on base; Brooklyn 5 - Echo Park 1
BOTTOM OF THE 6TH
Echo Park Lakers batting - Pitching for Brooklyn Dodgers : RHP Peer Akerboom
Batting: RHB Guillermo Coss 0-0: Ground out 6-3 (Groundball, 6)
Batting: RHB Manuel Guillama 0-0: Ball
1-0: Swinging Strike
1-1: Swinging Strike
1-2: Ball
2-2: Foul Ball, location: 2F
2-2: Foul Ball, location: 2F
2-2: Foul Ball, location: 2F
2-2: Ball
3-2: Base on Balls
Batting: LHB Rich Watkins 0-0: Called Strike
0-1: Swinging Strike
0-2: Foul Ball, location: 2F
0-2: Ball
1-2: Fly out, F7 (Flyball, 78S)
Batting: RHB Xavier Pérez 0-0: Swinging Strike
0-1: Called Strike
0-2: Ball
1-2: Ball
2-2: Ground out 5-3 (Groundball, 56S)
Bottom of the 6th over - 0 runs, 0 hits, 0 errors, 1 left on base; Brooklyn 5 - Echo Park 1
TOP OF THE 7TH
Brooklyn Dodgers batting - Pitching for Echo Park Lakers : RHP Curt Orser
Batting: RHB Cooper Lowe 0-0: Called Strike
0-1: Swinging Strike
0-2: Ball
1-2: Foul Ball, location: 2F
1-2: Ball
2-2: Ball
3-2: Fly out, F8 (Flyball, 8LD)
Batting: LHB Hugh Hill 0-0: Ball
1-0: Ball
2-0: Ball
3-0: Base on Balls
Batting: RHB Ilkka Haapajarvi 0-0: Ball
1-0: Fielders Choice at 2nd, 6-4 (Groundball, 6D)
Batting: SHB Tony Manzanares 0-0: Ball
1-0: Ball
2-0: Swinging Strike
2-1: Fly out, F7 (Line Drive, 7)
Top of the 7th over - 0 runs, 0 hits, 0 errors, 1 left on base; Brooklyn 5 - Echo Park 1
BOTTOM OF THE 7TH
Echo Park Lakers batting - Pitching for Brooklyn Dodgers : RHP Peer Akerboom
Batting: RHB Chris Harrell 0-0: Ball
1-0: Foul Ball, location: 2F
1-1: Ball
2-1: Ball
3-1: Foul Ball, location: 2F
3-2: Strikes out swinging
Pitching: RHP Gregory Bahena
Batting: RHB Freddy Torres 0-0: Ground out 6-3 (Groundball, 6)
Batting: SHB Rodolphe Nairn 0-0: Called Strike
0-1: Ground out 4-3 (Groundball, 4)
Bottom of the 7th over - 0 runs, 0 hits, 0 errors, 0 left on base; Brooklyn 5 - Echo Park 1
TOP OF THE 8TH
Brooklyn Dodgers batting - Pitching for Echo Park Lakers : RHP Curt Orser
Batting: LHB Jérôme Masson 0-0: Ball
1-0: Ball
2-0: Foul Ball, location: 2F
2-1: Ball
3-1: Base on Balls
Batting: SHB Tommy Dreamer 0-0: Sac Bunt - play at first, batter OUT! 2-3
Jérôme Masson to second
Batting: LHB Avon Barksdale 0-0: Intentional Walk
Batting: RHB Fontana Contaldo 0-0: Ball
1-0: Called Strike
1-1: Ball
2-1: Foul Ball, location: 2F
2-2: Foul Ball, location: 2F
2-2: Ball
3-2: DOUBLE (Line Drive, 78XD)
Jérôme Masson scores
Avon Barksdale to third
Runner from 3rd tries for Home, SAFE, no throw
Batting: SHB Félix Medina 0-0: Called Strike
0-1: SINGLE (Line Drive, 89S)
Fontana Contaldo to third
Runner from 3rd tries for Home, SAFE, no throw
Batting: RHB Cooper Lowe 0-0: Called Strike
0-1: Ball
Félix Medina steals 2nd base
1-1: Foul Ball, location: 2F
1-2: Ground out 5-3 (Groundball, 5)
Batting: LHB Hugh Hill 0-0: Ground out 1-3 (Groundball, P)
Top of the 8th over - 3 runs, 2 hits, 0 errors, 1 left on base; Brooklyn 8 - Echo Park 1
BOTTOM OF THE 8TH
Echo Park Lakers batting - Pitching for Brooklyn Dodgers : RHP Gregory Bahena
Batting: SHB Toby Sutton 0-0: Ball
1-0: Fly out, F9 (Flyball, 9S)
Batting: RHB Félix Romero 0-0: Called Strike
0-1: Foul Ball, location: 2F
0-2: Foul Ball, location: 2F
0-2: Foul Ball, location: 2F
0-2: Ground out U3 (Groundball, 3)
Batting: RHB Guillermo Coss 0-0: Fly out, F3 (Popup, 34)
Bottom of the 8th over - 0 runs, 0 hits, 0 errors, 0 left on base; Brooklyn 8 - Echo Park 1
TOP OF THE 9TH
Brooklyn Dodgers batting - Pitching for Echo Park Lakers : RHP Curt Orser
Batting: RHB Ilkka Haapajarvi 0-0: Ball
1-0: Called Strike
1-1: Ball
2-1: Ground out 6-3 (Groundball, 6)
Batting: SHB Tony Manzanares 0-0: Swinging Strike
0-1: Swinging Strike
0-2: Ball
1-2: Ball
2-2: Strikes out looking
Batting: LHB Jérôme Masson 0-0: Called Strike
0-1: Fly out, F8 (Flyball, 8LD)
Top of the 9th over - 0 runs, 0 hits, 0 errors, 0 left on base; Brooklyn 8 - Echo Park 1
BOTTOM OF THE 9TH
Echo Park Lakers batting - Pitching for Brooklyn Dodgers : RHP Gregory Bahena
Batting: RHB Manuel Guillama 0-0: Called Strike
0-1: Ball
1-1: Called Strike
1-2: Strikes out swinging
Batting: LHB Rich Watkins 0-0: Called Strike
0-1: Ball
1-1: Called Strike
1-2: Ball
2-2: Foul Ball, location: 2F
2-2: Strikes out swinging wild pitch, reaches first!
Batting: RHB Xavier Pérez 0-0: Ball
1-0: Foul Ball, location: 2F
1-1: Called Strike
1-2: Foul Ball, location: 2F
1-2: Strikes out looking
Batting: RHB Chris Harrell 0-0: Ball
1-0: Called Strike
1-1: Foul Ball, location: 2F
1-2: Foul Ball, location: 2F
1-2: Ball
2-2: Fielders Choice at 2nd, 6-4 (Groundball, 6)
Bottom of the 9th over - 0 runs, 0 hits, 0 errors, 1 left on base; Brooklyn 8 - Echo Park 1
Friday, March 29th, 2019 - OOTP Baseball 18.8 Build 76